 Dungeon Crawl Stone Soup version 0.17.1-1-g73c8601 (webtiles) character file.

32361 Implojin the Fighter (level 13, -4/144 HPs)
             Began as a Troll Monk on Apr 5, 2016.
             Was an Elder of Okawaru.
             Slain by a dire elephant (26 damage)
             ... on level 8 of the Lair of Beasts.
             The game lasted 00:47:07 (6438 turns).

Implojin the Fighter (Troll Monk)                   Turns: 6438, Time: 00:47:07

Health: -4/144     AC:  9    Str: 22    XL:     13   Next: 31%
Magic:  18/18      EV: 18    Int:  6    God:    Okawaru [****..]
Gold:   480        SH:  0    Dex: 16    Spells: 4 memorised, 6 levels left

rFire  + . .     SeeInvis .       - Unarmed
rCold  . . .     Clarity  .     L - +1 robe {MR+}
rNeg   . . .     SustAt   .     (no shield)
rPois  +         Gourm    +     Z - +0 hat
rElec  .         Spirit   .     q - +2 cloak {+Inv}
rCorr  .         Warding  .     (gloves unavailable)
rMut   .         Stasis   .     (boots unavailable)
MR     +....                    X - amulet of rage
Stlth  +++.......               e - ring of protection from fire
                                y - ring of poison resistance

@: heroism, very slightly contaminated, hasted, very quick, somewhat resistant
to hostile enchantments, fairly stealthy
A: unfitting armour, claws 3, fast metabolism 3, gourmand, regeneration 2,
shaggy fur 1, tough skin 2
a: Heroism, Renounce Religion, Evoke Berserk Rage, Evoke Invisibility


You were on level 8 of the Lair of Beasts.
You worshipped Okawaru.
Okawaru was greatly pleased with you.
You were completely stuffed.

You visited 3 branches of the dungeon, and saw 22 of its levels.
You also visited: Labyrinth, Ossuary and Ice Cave.

You collected 480 gold pieces.

Inventory:

Missiles
 A - 6 poisoned tomahawks
 D - a throwing net (quivered)
 G - 2 tomahawks
 Q - a large rock
Armour
 q - a +2 cloak of invisibility (worn)
 C - a +0 shield
 L - a +1 robe of magic resistance (worn)
 O - a troll hide
 Z - a +0 hat (worn)
Jewellery
 e - a ring of protection from fire (right claw)
 v - an uncursed amulet of resist corrosion
 y - a ring of poison resistance (left claw)
 W - an uncursed ring of see invisible
 X - an amulet of rage (around neck)
Wands
 a - a wand of teleportation (5)
 l - a wand of draining (4)
 u - a wand of draining (12)
 I - a wand of teleportation (3)
 S - a wand of fire (9)
Scrolls
 d - 3 scrolls of identify
 f - a scroll of amnesia
 w - 4 scrolls of teleportation
 B - 2 scrolls of remove curse
 J - a scroll of enchant weapon
 R - 2 scrolls of recharging
 U - 3 scrolls of enchant armour
Potions
 c - 2 potions of heal wounds
 h - a potion of agility
 j - 4 potions of lignification
 m - 2 potions of magic
 n - 7 potions of curing
 p - a potion of mutation
 r - 2 potions of flight
 M - 2 potions of cancellation
 N - 2 potions of might
 V - a potion of poison {unknown}
Books
 t - a book of Party Tricks

   Spells                             Type                      Level
   a - Summon Butterflies             Summoning                    1
   b - Apportation                    Translocation                1
   c - Tukima's Dance                 Hexes                        3
   d - Alistair's Intoxication        Transmutation/Poison         4
   e - Invisibility                   Hexes                        6
 P - a book of Fire

   Spells                             Type                      Level
   a - Ignite Poison                  Fire/Transmutation/Poison    3
   b - Fireball                       Conjuration/Fire             5
   c - Bolt of Fire                   Conjuration/Fire             6
   d - Delayed Fireball               Conjuration/Fire             7
   e - Ring of Flames                 Charms/Fire                  7
 Y - a book of Burglary

   Spells                             Type                      Level
   a - Swiftness                      Charms/Air                   2
   b - Passwall                       Transmutation/Earth          3
   c - Passage of Golubria            Translocation                4
   d - Lee's Rapid Deconstruction     Earth                        5
   e - Darkness                       Hexes                        6
   f - Invisibility                   Hexes                        6
Miscellaneous
 k - a lantern of shadows
 o - a crystal ball of energy
Comestibles
 b - 13 bread rations
 g - a royal jelly
 i - 2 slices of pizza
 x - 13 fruits
 z - 2 meat rations
 E - 6 beef jerkies
 T - 7 chunks of flesh


   Skills:
 - Level 13.0(18.0) Fighting
 * Level 8.1(13.1) Dodging
 - Level 1.1(6.1) Stealth
 - Level 12.1(17.1) Unarmed Combat
 - Level 8.0 Invocations


You had 6 spell levels left.
You knew the following spells:

 Your Spells              Type           Power        Failure   Level  Hunger
a - Cure Poison           Pois           #.........   77%         2    ###....
b - Apportation           Tloc           #.........   52%         1    ##.....
c - Summon Butterflies    Summ           #.......     52%         1    ##.....
d - Swiftness             Chrm/Air       #.......     77%         2    ###....


Dungeon Overview and Level Annotations

Branches:
Dungeon (13/15)            Temple (1/1) D:5            Lair (8/8) D:11
  Swamp (0/4) Lair:5        Snake (0/4) Lair:6          Orc (0/4) D:11
  Slime: Lair:6-8    Vaults: D:13-14

Altars:
Ashenzari
Elyvilon
Gozag
Makhleb
Nemelex Xobeh
Okawaru
Qazlal
Sif Muna
Trog
Xom
Zin
Lugonu

Shops:
D:5 :   D:6 %

Annotations:
Lair:4 Rupert


Innate Abilities, Weirdness & Mutations

You are too large for most types of armour.
You have claws for hands.
Your metabolism is lightning-fast.
You like to eat raw meat.
You heal very quickly.
You are covered in fur (AC +1).
You have very tough skin (AC +2).


Message History

Press: ? - help, Shift-Dir - straight line, f/p - dire elephant
Aim: a dire elephant (heavily wounded)
You throw a large rock. The large rock hits the dire elephant!!
The dire elephant is severely wounded.
Quiver which item? (- for none, * to show all) (? for menu, Esc to quit)
Quivering
D - 2 throwing nets for throwing.
Throwing (i - inventory. (,) - cycle):
D - 2 throwing nets (quivered)
Press: ? - help, Shift-Dir - straight line, f/p - dire elephant
Aim: a dire elephant (severely wounded)
You throw a throwing net.
The throwing net completely misses the dire elephant.
The dire elephant tramples you!!
* * * LOW HITPOINT WARNING * * *
You hold your ground!
The dire elephant misses you.
Unknown command.
You scratch the dire elephant but do no damage.
The dire elephant is severely wounded.
Unknown command.
You barely miss the dire elephant.
The dire elephant is severely wounded.
The dire elephant tramples you!!!
* * * LOW HITPOINT WARNING * * *
You hold your ground!
The dire elephant misses you.
Read which item? (? for menu, Esc to quit)
Okay, then.
Drink which item? (? for menu, Esc to quit)
You feel much better. The dire elephant tramples you.
* * * LOW HITPOINT WARNING * * *
You stumble backwards!
The dire elephant tramples you!!
* * * LOW HITPOINT WARNING * * *
You stumble backwards!
Unknown command.
Drink which item? (? for menu, Esc to quit)
You feel yourself speed up.
You are very lightly contaminated with residual magic.
Unknown command.
You open the door. The dire elephant tramples you!!
You die...

........### ########
.8#####.(.# #(..P.P#
8###.≈###(#### #......#
###.≈≈≈≈#.((.####P....P#
..#≈≈≈≈.####....#+######
..'≈≈≈≈.#8.####.#.#
..'≈≈≈..+...P.#.Y.#
..##≈≈.##8....#8Y.#
############++##@### )♣
#..#..#.##♣8♣
##.........♣ ##.......##
#.##..### #######


You could see 2 dire elephants.

Vanquished Creatures
  2 dire elephants (Lair:8)
  A minotaur (Lab)
  The ghost of Implojin the Grappler, a novice TrFi of Okawaru (IceCv)
  3 hydras
  An anaconda (Lair:8)
  A catoblepas (Lair:6)
  The ghost of Implojin the Grappler, a novice TrMo of Okawaru (D:12)
  4 hill giants
  4 ice devils (IceCv)
  A griffon (Lair:5)
  A necromancer (IceCv)
  8 elephants
  A cyclops (D:12)
  2 black mambas
  Joseph (D:7)
  4 ice statues (IceCv)
  A fire drake (Lair:1)
  3 kobold demonologists (D:11)
  4 spiny frogs
  A centaur skeleton (D:12)
  A troll (D:12)
  2 komodo dragons
  A polar bear (Lair:5)
  4 blue devils (IceCv)
  3 blink frogs (Lair:6)
  3 trapdoor spider zombies (D:12)
  A wyvern (D:11)
  5 yaks
  A deep elf mage (D:11)
  A deep elf fighter (D:11)
  A swamp worm (Lair:1)
  A hippogriff (D:12)
  A mottled dragon (D:12)
  4 vampire mosquitoes (D:12)
  6 nagas (Lair:6)
  5 water moccasins
  8 ice beasts (Lair:6)
  A phantom (D:11)
  3 orc warriors
  3 porcupines
  4 necrophages (D:12)
  2 ogres
  2 black bears
  3 wasps
  4 centaurs
  10 crocodiles
  16 giant frogs
  A gnoll sergeant (D:11)
  An elf zombie (Ossuary)
  A wyvern zombie (D:12)
  The ghost of elicash the Skirmisher, a weakling HOAK of Lugonu (D:3)
  A scorpion (D:6)
  5 wights
  A crimson imp (D:5)
  3 killer bees (D:12)
  A quasit (D:10)
  3 jellies
  3 giant frog zombies (D:12)
  2 centaur zombies
  A draconian simulacrum (IceCv)
  A wasp zombie (D:12)
  3 giant frog skeletons
  6 orc priests
  A hound (D:10)
  3 orc wizards
  2 human zombies (Ossuary)
  4 worker ants
  4 troll simulacra (IceCv)
  6 iguanas
  2 killer bee zombies
  A centaur simulacrum (IceCv)
  A big kobold zombie (Ossuary)
  A hound skeleton (D:7)
  4 mummies
  5 adders
  A worker ant zombie (D:10)
  2 gnolls (D:11)
  3 naga simulacra (IceCv)
  An ogre simulacrum (IceCv)
  13 river rats
  2 shadow imps
  3 adder zombies
  2 adder skeletons
  A worm (D:4)
  6 giant geckos
  22 orcs
  A goblin (D:4)
  7 hobgoblins
  2 jackals (D:5)
  2 quokkas
  9 bats (D:11)
  A giant cockroach zombie (D:5)
  4 giant newts
  A goblin zombie (Ossuary)
  11 hobgoblin zombies (Ossuary)
  6 kobolds
  9 kobold zombies (Ossuary)
  8 orc zombies (Ossuary)
  3 rats (D:11)
  2 rat zombies (Ossuary)
  3 plants (Lair:8)
334 creatures vanquished.

Vanquished Creatures (others)
  7 fungi
  3 plants
10 creatures vanquished.

Grand Total: 344 creatures vanquished

Notes
Turn   | Place    | Note
--------------------------------------------------------------
     0 | D:1      | Implojin the Troll Monk began the quest for the Orb.
     0 | D:1      | Reached XP level 1. HP: 22/22 MP: 0/0
   110 | D:2      | Reached XP level 2. HP: 26/29 MP: 1/1
   225 | D:3      | Reached skill level 5 in Unarmed Combat
   225 | D:3      | Reached XP level 3. HP: 31/36 MP: 2/2
   306 | D:5      | Entered Level 5 of the Dungeon
   309 | D:5      | Reached XP level 4. HP: 28/44 MP: 3/3
   596 | D:4      | Found a sand-covered staircase.
   606 | Ossuary  | Entered an ossuary
   615 | Ossuary  | Reached skill level 6 in Unarmed Combat
   686 | Ossuary  | Reached XP level 5. HP: 40/50 MP: 4/4
   747 | Ossuary  | Reached skill level 7 in Unarmed Combat
   756 | Ossuary  | Reached XP level 6. HP: 42/59 MP: 5/5
   867 | D:3      | Noticed elicash's ghost (weakling HOAK)
   882 | D:3      | Killed elicash's ghost
   920 | D:5      | Reached skill level 8 in Unarmed Combat
  1133 | D:5      | Found Roclo's Book Emporium.
  1211 | D:6      | Reached skill level 3 in Fighting
  1211 | D:6      | Reached XP level 7. HP: 47/67 MP: 6/6
  1307 | D:6      | Found Verchoadu's Food Shop.
  1367 | D:7      | Noticed Joseph
  1377 | D:7      | Killed Joseph
  1377 | D:7      | Reached skill level 5 in Fighting
  1379 | D:7      | Reached XP level 8. HP: 80/80 MP: 7/7
  1620 | D:6      | Noticed a water moccasin
  1630 | D:6      | Killed a water moccasin
  1652 | D:6      | Reached skill level 6 in Fighting
  1837 | D:5      | Found a staircase to the Ecumenical Temple.
  1847 | Temple   | Entered the Ecumenical Temple
  1858 | Temple   | Became a worshipper of Warmaster Okawaru
  1858 | Temple   | Reached * piety under Okawaru
  1858 | Temple   | Reached ** piety under Okawaru
  1898 | D:6      | Reached skill level 7 in Fighting
  2038 | D:8      | Reached skill level 8 in Fighting
  2053 | D:8      | Reached XP level 9. HP: 96/96 MP: 8/8
  2210 | D:10     | Entered Level 10 of the Dungeon
  2234 | D:10     | Noticed a hill giant
  2248 | D:10     | Killed a hill giant
  2248 | D:10     | Reached skill level 9 in Unarmed Combat
  2341 | D:10     | Reached skill level 10 in Unarmed Combat
  2406 | D:10     | Reached skill level 9 in Fighting
  2458 | D:11     | Reached *** piety under Okawaru
  2500 | D:11     | Found a corrupted altar of Lugonu.
  2500 | D:11     | Noticed a kobold demonologist
  2500 | D:11     | Noticed a kobold demonologist
  2500 | D:11     | Noticed a kobold demonologist
  2505 | D:11     | Killed a kobold demonologist
  2505 | D:11     | Reached XP level 10. HP: 103/109 MP: 6/9
  2511 | D:11     | Killed a kobold demonologist
  2514 | D:11     | Noticed a rust devil
  2516 | D:11     | Killed a kobold demonologist
  2516 | D:11     | Reached skill level 10 in Fighting
  2583 | D:11     | Found a staircase to the Orcish Mines.
  2697 | D:12     | Noticed a hill giant
  2702 | D:12     | Killed a hill giant
  2807 | D:12     | Reached skill level 11 in Fighting
  2938 | D:12     | Reached **** piety under Okawaru
  3025 | D:12     | Found a labyrinth entrance.
  3033 | Lab      | Entered a labyrinth
  3730 | Lab      | Noticed a minotaur
  3737 | Lab      | Killed a minotaur
  3737 | Lab      | Reached skill level 12 in Fighting
  3737 | Lab      | Reached XP level 11. HP: 122/122 MP: 10/10
  3775 | Lab      | Learned a level 2 spell: Cure Poison
  3777 | Lab      | Learned a level 1 spell: Apportation
  3779 | Lab      | Learned a level 1 spell: Summon Butterflies
  3852 | D:12     | Noticed Implojin's ghost (novice TrMo)
  3858 | D:12     | Killed Implojin's ghost
  3908 | D:12     | Noticed a cyclops
  3908 | D:12     | Noticed a hill giant
  3918 | D:12     | Killed a hill giant
  3922 | D:12     | Killed a cyclops
  3955 | D:13     | Noticed a hill giant
  3961 | D:13     | Killed a hill giant
  3961 | D:13     | Reached skill level 13 in Fighting
  4165 | D:11     | Found a staircase to the Lair.
  4171 | Lair:1   | Entered Level 1 of the Lair of Beasts
  4288 | Lair:1   | Reached ***** piety under Okawaru
  4313 | Lair:2   | Reached skill level 11 in Unarmed Combat
  4630 | Lair:4   | Noticed a six-headed hydra
  4717 | Lair:4   | Reached skill level 12 in Unarmed Combat
  4730 | Lair:4   | Noticed Rupert
  4856 | Lair:4   | Killed a six-headed hydra
  4856 | Lair:4   | Reached skill level 2 in Invocations
  4890 | Lair:6   | Reached XP level 12. HP: 135/135 MP: 9/12
  5012 | Lair:6   | Noticed a catoblepas
  5014 | Lair:6   | Reached skill level 3 in Invocations
  5022 | Lair:6   | Killed a catoblepas
  5045 | Lair:6   | Noticed an eight-headed hydra
  5063 | Lair:6   | Killed an eight-headed hydra
  5063 | Lair:6   | Reached skill level 4 in Invocations
  5174 | Lair:6   | Reached skill level 5 in Invocations
  5208 | Lair:6   | Found a frozen archway.
  5224 | Lair:6   | Reached skill level 6 in Invocations
  5250 | Lair:6   | Received a gift from Okawaru
  5270 | Lair:6   | Reached skill level 7 in Invocations
  5333 | Lair:8   | Entered Level 8 of the Lair of Beasts
  5364 | IceCv    | Entered an ice cave
  5388 | IceCv    | Noticed Implojin's ghost (novice TrFi)
  5402 | IceCv    | Reached skill level 8 in Invocations
  5410 | IceCv    | Killed Implojin's ghost
  5410 | IceCv    | Reached skill level 3 in Dodging
  5515 | IceCv    | Reached skill level 4 in Dodging
  5629 | IceCv    | Reached skill level 5 in Dodging
  5848 | Lair:7   | Reached skill level 6 in Dodging
  5904 | Lair:6   | Found a staircase to the Snake Pit.
  5960 | Lair:5   | Noticed an eight-headed hydra
  5967 | Lair:5   | Killed an eight-headed hydra
  5967 | Lair:5   | Reached XP level 13. HP: 143/143 MP: 15/18
  6046 | Lair:5   | Found a staircase to the Swamp.
  6195 | Lair:8   | Reached skill level 7 in Dodging
  6310 | Lair:8   | Noticed an anaconda
  6321 | Lair:8   | Killed an anaconda
  6326 | Lair:8   | Noticed a dire elephant
  6326 | Lair:8   | Noticed a dire elephant
  6334 | Lair:8   | Killed a dire elephant
  6344 | Lair:8   | Killed a dire elephant
  6344 | Lair:8   | Reached skill level 8 in Dodging
  6377 | Lair:8   | Learned a level 2 spell: Swiftness
  6422 | Lair:8   | Noticed a dire elephant
  6423 | Lair:8   | Noticed a dire elephant
  6438 | Lair:8   | Slain by a dire elephant

Action                   |  1- 3 |  4- 6 |  7- 9 | 10-12 | 13-15 || total
-------------------------+-------+-------+-------+-------+-------++-------
Melee: Unarmed           |    60 |   196 |   169 |   463 |    88 ||   976
Throw: Tomahawk          |       |       |     5 |    30 |       ||    35
       Large rock        |       |       |       |    16 |     3 ||    19
       Throwing net      |       |       |       |     1 |     1 ||     2
Invok: Heroism           |       |       |     8 |    35 |     4 ||    47
       Finesse           |       |       |       |     7 |       ||     7
Evoke: Wand              |       |       |       |     1 |       ||     1
  Use: Potion            |       |     1 |     1 |     1 |     3 ||     6
       Scroll            |       |       |     7 |    21 |       ||    28
 Stab: Sleeping          |     3 |     3 |     4 |     6 |       ||    16
       Distracted        |       |       |       |     1 |       ||     1
  Eat: Chunk             |     1 |       |    20 |    30 |     7 ||    58
       Beef jerky        |       |     1 |       |       |       ||     1
       Meat ration       |       |     1 |       |     1 |       ||     2

Table legend:
 A = Turns spent in this place as a percentage of turns spent in the entire game.
 B = Non-inter-level travel turns spent in this place as a percentage of non-inter-level travel turns spent in the entire game.
 C = Inter-level travel turns spent in this place as a percentage of turns spent in this place.
 D = Turns resting spent in this place as a percentage of non-inter-level travel turns spent in this place.
 E = Turns spent auto-exploring this place as a percentage of non-inter-level travel turns spent in this place.
 F = Non-inter-level travel turns spent in this place divided by the number of levels of this place that you've seen.
                   A       B       C       D       E      F
               +-------+-------+-------+-------+-------+----------------------
         Total | 100.0 | 100.0 |   0.0 |   0.1 |   0.0 | 250.4
       Dungeon |  48.1 |  48.1 |   0.0 |   0.2 |   0.0 | 231.8
        Temple |   0.4 |   0.4 |   0.0 |   0.0 |   0.0 |  25.0
          Lair |  28.6 |  28.6 |   0.0 |   0.1 |   0.0 | 223.6
     Labyrinth |  12.2 |  12.2 |   0.0 |   0.0 |   0.0 | 766.0
       Ossuary |   3.7 |   3.7 |   0.0 |   0.0 |   0.0 | 233.0
      Ice Cave |   6.9 |   6.9 |   0.0 |   0.0 |   0.0 | 433.0
               +-------+-------+-------+-------+-------+----------------------

Table legend:
 A = Kills in this place as a percentage of kills in entire the game.
 B = Kills by you in this place as a percentage of kills by you in the entire game.
 C = Kills by friends in this place as a percentage of kills by friends in the entire game.
 D = Other kills in this place as a percentage of other kills in the entire game.
 E = Experience gained in this place as a percentage of experience gained in the entire game.
 F = Experience gained in this place divided by the number of levels of this place that you have seen.
                   A       B       C       D       E      F
               +-------+-------+-------+-------+-------+----------------------
         Total | 100.0 | 100.0 |  -nan |  -nan | 100.0 | 1849.2
       Dungeon |  54.7 |  54.7 |  -nan |  -nan |  32.1 | 1142.2
          Lair |  26.0 |  26.0 |  -nan |  -nan |  48.3 | 2789.5
     Labyrinth |   0.3 |   0.3 |  -nan |  -nan |   2.3 | 1071.0
       Ossuary |  11.8 |  11.8 |  -nan |  -nan |   0.6 | 266.0
      Ice Cave |   7.3 |   7.3 |  -nan |  -nan |  16.7 | 7730.0
               +-------+-------+-------+-------+-------+----------------------
